 Dungeon Crawl Stone Soup version 0.29-a0-219-g0a02b1cf4f (console) character file.

Game seed: 6924476844509903178

1826 jejorda2 the Archer (level 8, -3/48 HPs)
             Began as a Deep Elf Hunter on Feb 25, 2022.
             Slain by an orc priest
             ... wielding a +0 flail
              (7 damage)
             ... on level 7 of the Dungeon.
             The game lasted 00:14:33 (7036 turns).

jejorda2 the Archer (Deep Elf Hunter)               Turns: 7036, Time: 00:14:34

Health: -3/48      AC:  7    Str:  9    XL:     8   Next: 86%
Magic:  0/10       EV: 15    Int: 17    God:
Gold:   329        SH:  0    Dex: 17    Spells: 7/7 levels left

rFire   . . .      SeeInvis +   a - +2 shortbow
rCold   + . .      Faith    .   (shield currently unavailable)
rNeg    + . .      Spirit   +   u - +1 robe {rN+}
rPois   .          Reflect  .   b - +0 helmet
rElec   .          Harm     .   k - +0 cloak
rCorr   .          Rampage  .   e - +1 pair of gloves
Will    .....                   (no boots)
Stlth   +++.......              f - amulet of guardian spirit
HPRegen 0.16/turn               l - ring of protection from cold
MPRegen 0.12/turn               n - ring of see invisible

@: lethally poisoned (-3 -> -8), attractive, slowed, very slow
A: no striking features
a: no special abilities


You were on level 7 of the Dungeon.
You visited 2 branches of the dungeon, and saw 8 of its levels.

You collected 329 gold pieces.

Inventory:

Hand Weapons
 a - a +2 shortbow (weapon)
Missiles
 r - a curare-tipped dart
Armour
 b - a +0 helmet (worn)
 e - a +1 pair of gloves (worn)
 k - a +0 cloak (worn)
 u - a +1 robe of positive energy (worn)
Magical Staves
 h - a staff of air
 q - a staff of poison
Jewellery
 f - an amulet of guardian spirit (around neck)
 l - a ring of protection from cold (left hand)
 n - a ring of see invisible (right hand)
Wands
 t - a wand of digging (3)
Scrolls
 g - a scroll of fog
 i - a scroll of immolation
 m - a scroll of blinking
Potions
 c - a potion of brilliance
 d - 2 potions of curing
 j - a potion of berserk rage
 s - a potion of attraction


   Skills:
 + Level 3.8 Fighting
 * Level 13.0 Bows
 + Level 5.6 Dodging
 - Level 4.0 Stealth


You had 7 spell levels left.
You didn't know any spells.
Your spell library contained the following spells:

 Spells                   Type           Power      Damage    Failure   Level
 Freeze                   Ice            0%         1d3       24%         1
 Frozen Ramparts          Ice            0%         1d2       56%         3
 Hailstorm                Conj/Ice       0%         3d3       93%         4


Dungeon Overview and Level Annotations

Branches:
Dungeon (7/15)             Temple (1/1) D:5

Altars:
Ashenzari
Cheibriados
Dithmenos
Gozag
Hepliaklqana
Kikubaaqudgha
Ru
Sif Muna
Trog
Vehumet
Xom
Yredelemnul
Zin
The Shining One

Annotations:
D:4 Pargi
D:6 2 transporters


Message History

You shoot an arrow. The arrow barely misses the hornet.
You feel very sick. The hornet stings you.
You feel as though you will be slow longer.
The orc priest misses you. The hornet misses you.
The orc priest mumbles some strange prayers to Beogh against you.
Pain shoots through your body!
Shoot: a) +2 shortbow
Press: ? - help, Q - select action, (/) - cycle Shift-Dir - straight line, f/p - hornet
Aim: a hornet (lightly wounded, 58% to hit)
You shoot an arrow. The arrow hits the hornet.
The hornet is moderately wounded.
You feel very sick. The hornet closely misses you.
The orc priest completely misses you. The hornet stings you!
* * * LOW HITPOINT WARNING * * *
You feel as though you will be slow longer.
Shoot: a) +2 shortbow
Press: ? - help, Q - select action, (/) - cycle Shift-Dir - straight line, f/p - hornet
Aim: a hornet (moderately wounded, 58% to hit)
You shoot an arrow. The arrow hits the hornet!
The hornet is heavily wounded.
* * * LOW HITPOINT WARNING * * *
You feel sick. The hornet closely misses you.
The orc priest looks satisfied for a moment.
The hornet stings you.
* * * LOW HITPOINT WARNING * * *
You feel as though you will be slow longer.
Unknown command.
Unknown command.
Unknown command.
Shoot: a) +2 shortbow
Press: ? - help, Q - select action, (/) - cycle Shift-Dir - straight line, f/p - hornet
Aim: a hornet (heavily wounded, 58% to hit)
You shoot an arrow. The arrow hits the hornet!
The hornet is severely wounded.
* * * LOW HITPOINT WARNING * * *
You feel sick. The hornet barely misses you.
The orc priest hits you with a +0 flail!
You die...

#.........#..#.## ##..
###........†......#####.
...........#.#.........
#........####......... #
#..............#..... #.
###......##......#.....
...
#................####..
....##..........#....#
#...
.).......o@######....#
##.# .........y###
...... #.
.......)....##....... #.
.......##...........
....).. ####.)......
.....<. ##)......
.#####. )...... ..
#...... #. ..)...


You could see a hornet and an orc priest.

Vanquished Creatures
  A black bear (D:5)
  2 necrophages
  2 ogres
  2 kobold brigands
  Blork the orc (D:4)
  A bullfrog (D:7)
  A gnoll sergeant (D:5)
  A scorpion (D:5)
  A wight (D:6)
  2 hounds
  2 jellies (D:6)
  A gnoll shaman (D:7)
  4 orc priests
  4 iguanas
  7 orc wizards
  8 gnolls
  8 adders
  2 worms (D:2)
  A dart slug (D:3)
  18 orcs
  10 ball pythons
  10 endoplasms
  A giant cockroach (D:1)
  5 goblins
  5 hobgoblins
  10 jackals
  5 quokkas
  3 bats
  5 frilled lizards
  17 kobolds
  5 rats
145 creatures vanquished.

Vanquished Creatures (collateral kills)
  A water moccasin (D:5)
  A jelly (D:5)
2 creatures vanquished.

Grand Total: 147 creatures vanquished

Notes
Turn   | Place    | Note
-------+----------+-------------------------------------------
     0 | D:1      | jejorda2 the Deep Elf Hunter began the quest for the Orb.
     0 | D:1      | Reached XP level 1. HP: 12/12 MP: 3/3
    62 | D:1      | Reached XP level 2. HP: 16/16 MP: 4/4
   100 | D:1      | Reached skill level 6 in Bows
   383 | D:1      | Reached XP level 3. HP: 20/20 MP: 5/5
   844 | D:2      | Reached XP level 4. HP: 25/25 MP: 6/6
  1300 | D:3      | Reached skill level 7 in Bows
  1395 | D:3      | Reached XP level 5. HP: 17/29 MP: 7/7
  1585 | D:3      | Found a faded altar of an unknown god.
  1869 | D:3      | Found a radiant altar of Vehumet.
  1956 | D:3      | Found a shimmering blue altar of Sif Muna.
  1961 | D:3      | Reached skill level 8 in Bows
  2011 | D:3      | Found a shadowy altar of Dithmenos.
  2310 | D:4      | Noticed an ogre
  2319 | D:4      | Killed an ogre
  2320 | D:4      | Reached XP level 6. HP: 34/34 MP: 8/8
  2452 | D:4      | Reached skill level 9 in Bows
  2476 | D:4      | Noticed Pargi
  2667 | D:4      | Found a glowing silver altar of Zin.
  3303 | D:4      | Noticed Blork the orc
  3311 | D:4      | Killed Blork the orc
  3756 | D:5      | Entered Level 5 of the Dungeon
  3769 | D:5      | Reached skill level 10 in Bows
  3771 | D:5      | Noticed a water moccasin
  3780 | D:5      | Killed a water moccasin
  3781 | D:5      | Reached XP level 7. HP: 31/38 MP: 9/9
  4077 | D:5      | Found a staircase to the Ecumenical Temple.
  4084 | Temple   | Entered the Ecumenical Temple
  4240 | D:5      | Reached skill level 11 in Bows
  4860 | D:5      | Reached XP level 8. HP: 45/45 MP: 10/10
  5477 | D:6      | Reached skill level 12 in Bows
  5501 | D:6      | Noticed a troll
  5505 | D:6      | Found a transporter.
  5508 | D:6      | Noticed a two-headed ogre
  5511 | D:6      | Found a glowing golden altar of the Shining One.
  5516 | D:6      | Noticed a cyclops
  5522 | D:6      | Found a transporter.
  6557 | D:7      | Reached skill level 5 in Dodging
  6685 | D:7      | Noticed a hornet
  6690 | D:7      | Paralysed by a hornet for 2 turns
  7009 | D:7      | Reached skill level 13 in Bows
  7022 | D:7      | Paralysed by a hornet for 2 turns
  7028 | D:7      | Paralysed by a hornet for 2 turns
  7036 | D:7      | Slain by an orc priest

Illustrated notes

Levels and vault maps discovered:
D:1:      minmay_arrival_jagged, layout_rooms
D:2:      layout_loops_ring, minmay_tiny_reverse_x
D:3:      layout_basic, gammafunk_temple_overflow_forgotten,
          ebering_ecumenical_altar_abandoned
D:4:      layout_basic, mainiacjoe_overflow_alcove_4, minmay_strange_pillars,
          uniq_pargi, uniq_blork_the_orc
D:5:      layout_basic, minmay_temple_entry_drinking_statues, serial_glass,
          glass_columns_b, glass_columns_a
D:6:      layout_gridville, gammafunk_temple_overflow_arena, item_on_display_a
D:7:      layout_cave_pools, mainiacjoe_overflow_tiny_flanked,
          mainiacjoe_overflow_six_doors_small
Temple:   dpeg_three_leaves_temple

Skill      XL: |  1  2  3  4  5  6  7  8 |
---------------+-------------------------+-----
Stealth        | 2 3 4 |  4.0
Bows           | 6 7 8 10 11 13 | 13.0
Fighting       | 2 3 |  3.8
Dodging        | 3 5 |  5.6

Action                   |  1- 3 |  4- 6 |  7- 9 || total
-------------------------+-------+-------+-------++-------
 Fire: Shortbow          |   102 |   162 |   237 ||   501
Throw: Dart              |       |       |     1 ||     1
  Use: Scroll            |       |     1 |    14 ||    15
       Potion            |       |       |     6 ||     6
Armor: Leather armour    |    12 |    22 |       ||    34
       Robe              |       |       |    16 ||    16
Dodge: Dodged            |    14 |    47 |    79 ||   140

Table legend: (Time is in decaauts)
 A = Elapsed time spent in this place.
 B = Non-inter-level travel time spent in this place.
 C = Inter-level travel time spent in this place.
 D = Time resting spent in this place.
 E = Time spent auto-exploring this place.
 F = Levels seen in this place.
 G = Mean time per level.
                   A        B        C        D        E       F      G
               +--------+--------+--------+--------+--------+-----+--------+
         Total |   7088 |   6843 |    245 |    812 |   5011 |   8 |  886.0 |
       Dungeon |   7008 |   6778 |    230 |    812 |   4953 |   7 | 1001.1 |
        Temple |     80 |     65 |     15 |      0 |     58 |   1 |   80.0 |
               +--------+--------+--------+--------+--------+-----+--------+

Top non-repeatable levels by time:
     D:4: 1574 daAuts
     D:5: 1525 daAuts
     D:6: 1295 daAuts
     D:3: 1112 daAuts
     D:2: 662 daAuts
     D:1: 571 daAuts
     D:7: 265 daAuts
  Temple: 80 daAuts
